 Dungeon Crawl Stone Soup version 0.27.1-3-gb3d3a73c9e (webtiles) character file.

Game seed: 8944109976892231994

46 tizbic2 the Magician (level 3, -4/26 HPs)
             Began as a Djinni Ice Elementalist on Oct 28, 2021.
             Frozen to death by an endoplasm (6 damage)
             ... on level 2 of the Dungeon.
             The game lasted 00:15:09 (2552 turns).

tizbic2 the Magician (Djinni Ice Elementalist)      Turns: 2552, Time: 00:15:10

Health: -4/26      AC:  5    Str:  8    XL:     3   Next: 95%
Gold:   36         EV: 10    Int: 16    God:
                   SH:  0    Dex: 13

rFire    + + .     SeeInvis .   a - staff of air
rCold    x . .     Faith    .   (no shield)
rNeg     . . .     Spirit   .   g - +0 ring mail
rPois    ∞         Reflect  .   (no helmet)
rElec    +         Harm     .   (no cloak)
rCorr    .         Rampage  .   (no gloves)
Will     .....                  (boots unavailable)
Stlth    +.........             (no amulet)
HPRegen  0.08/turn              (no ring)
MPRegen  0.00/turn              (no ring)

@: flying, very slightly contaminated
A: sickness immunity, fire resistance 2, cold vulnerability 1, float, innate
caster, hp casting, extra vitality 1
a: no special abilities


You were on level 2 of the Dungeon.
You visited 1 branch of the dungeon, and saw 2 of its levels.

You collected 36 gold pieces.

Inventory:

Hand Weapons
 b - a +0 dagger
Missiles
 f - 17 stones
Armour
 g - a +0 ring mail (worn)
Magical Staves
 a - a staff of air (weapon)
Scrolls
 c - a scroll of identify {unknown}
Potions
 d - a potion of heal wounds {unknown}
 e - a potion of mutation {unknown}
 h - a potion of brilliance {unknown}


   Skills:
 + Level 0.8 Fighting
 + Level 1.2 Short Blades
 * Level 1.1 Staves
 + Level 0.9 Armour
 + Level 2.6 Dodging
 - Level 1.5 Stealth
 * Level 3.3 Spellcasting


You couldn't memorise any spells.
You knew the following spells:

 Your Spells              Type           Power      Damage    Failure   Level
a - Freeze                Ice            52%        1d7       14%         1
b - Frozen Ramparts       Ice            26%        1d4       38%         3
c - Ozocubu's Armour      Ice            13%        N/A       38%         3
d - Hailstorm             Conj/Ice       13%        3d5       80%         4
e - Sting                 Tmut/Pois      52%        1d5       14%         1
Your spell library was empty.

Dungeon Overview and Level Annotations

Branches:
Dungeon (2/15)

Altars:
Trog


Innate Abilities, Weirdness & Mutations

You are immune to sickness and miasma.
You are immune to poison.
Your flesh is very heat resistant. (rF++)
You are vulnerable to cold. (rC-)
You float through the air rather than walking.
You learn spells naturally, not from books.
Your magical power is your life essence.
You have superior vitality. (+4 HP)


Message History

Aim: a kobold, wielding a +0 club and quivering stones You freeze the kobold.
The kobold is severely wounded.
The kobold hits you but does no damage.
Casting: Freeze (safe; 14% risk of failure)
Confirm with . or Enter, or press ? or * to list all spells.
Aiming: Sting (safe; 14% risk of failure)
Press: ? - help, Shift-Dir - straight line, f/p - kobold
Aim: a kobold, wielding a +0 club and quivering stones (severely wounded, 64% to hit)
You miscast Sting.
You are very lightly contaminated with residual magic.
Nothing appears to happen.
The kobold barely misses you.
Casting: Sting (safe; 14% risk of failure)
Confirm with . or Enter, or press ? or * to list all spells.
Aiming: Sting (safe; 14% risk of failure)
Press: ? - help, Shift-Dir - straight line, f/p - kobold
Aim: a kobold, wielding a +0 club and quivering stones (severely wounded, 64% to hit)
The sting hits the kobold but does no damage.
The kobold is poisoned.
The kobold is severely wounded.
The kobold barely misses you.
You hit the kobold but do no damage.
The kobold is severely wounded.
You kill the kobold!
An endoplasm comes into view.
The endoplasm freezes you.
You are frozen.
You feel a terrible chill!
* * * LOW HITPOINT WARNING * * *
Casting: Sting (safe; 14% risk of failure)
Confirm with . or Enter, or press ? or * to list all spells.
Aiming: Sting (safe; 14% risk of failure)
Press: ? - help, Shift-Dir - straight line, f - endoplasm
Aim: an endoplasm (98% to hit)
The sting hits the endoplasm.
The endoplasm partially resists.
The endoplasm is poisoned.
The endoplasm is moderately wounded.
* * * LOW HITPOINT WARNING * * *
The endoplasm freezes you.
You are frozen.
You feel a terrible chill!
You die...

# #.#.# #
#.#.# #
#.#.# #
#.#.# #
#.#.# #
#.#.# #
#.#.# #
#.#.# #.#@#
#.J#.#
....?.)###.#
## #######
## .# # # #.
.#


You could see an endoplasm (poisoned).

Vanquished Creatures
  An adder (D:2)
  A worm (D:2)
  A dart slug (D:1)
  5 ball pythons
  2 endoplasms
  6 goblins
  3 hobgoblins (D:2)
  2 kobolds (D:2)
  A quokka (D:1)
  A bat (D:1)
  5 frilled lizards
  4 rats
32 creatures vanquished.

Notes
Turn   | Place    | Note
-------+----------+-------------------------------------------
     0 | D:1      | tizbic2 the Djinni Ice Elementalist began the quest for the
                  | Orb.
     0 | D:1      | Reached XP level 1. HP: 15/15 MP: 0/0
    76 | D:1      | Found a faded altar of an unknown god.
    87 | D:1      | Became a worshipper of Trog the Wrathful
    87 | D:1      | Reached * piety under Trog
   155 | D:1      | HP: 1/22 [quokka (5)]
   157 | D:1      | Reached XP level 2. HP: 2/21 MP: 0/0
   819 | D:1      | Reached skill level 1 in Short Blades
  1212 | D:1      | Fell from the grace of Trog
  1396 | D:1      | Reached XP level 3. HP: 17/26 MP: 0/0
  1396 | D:1      | Learned a level 1 spell: Sting
  2166 | D:2      | Reached skill level 1 in Staves
  2552 | D:2      | Frozen to death by an endoplasm

Illustrated notes

Levels and vault maps discovered:
D:1:      dpeg_arrival_simpleton_c, layout_basic,
          chequers_ecumenical_altar_simple, serial_shops, shop, minmay_cut_off
D:2:      layout_loops_ring

Skill      XL: |  1  2  3 |
---------------+----------+-----
Short Blades   | 1 |  1.2
Staves         | 1 |  1.1
Fighting       | |  0.8
Armour         | |  0.9
Dodging        | |  2.6
Stealth        | |  1.5
Spellcasting   | |  3.3

Action                   || total
-------------------------++-------
Melee: Dagger            ||    28
       Unarmed           ||     2
       Staff             ||   118
 Cast: Freeze            ||    12
       Sting             ||     8
Invok: Berserk           ||     1
       Renounce Religion ||     1
 Stab: Sleeping          ||     2
Armor: Robe              ||     1
       Ring mail         ||    68
Dodge: Dodged            ||    72
